 Dungeon Crawl Stone Soup version 0.25.1-1-g288607f5aa (webtiles) character file.

Game seed: 10124374239712278886

116479 protoss039 the Eclecticist (level 16, -6/97 HPs)
             Began as a Deep Elf Earth Elementalist on July 24, 2020.
             Was a High Priest of Sif Muna.
             Shot with an arrow by a naga sharpshooter (27 damage)
             ... led by Vashnia
             ... on level 2 of the Snake Pit on July 25, 2020.
             The game lasted 02:35:18 (37075 turns).

protoss039 the Eclecticist (DEEE)                  Turns: 37075, Time: 02:35:19

Health: -6/97      AC: 12    Str:  5    XL:     16   Next: 21%
Magic:  26/51      EV: 13    Int: 28    God:    Sif Muna [*****.]
Gold:   3029       SH:  0    Dex: 15    Spells: 11/55 levels left

rFire    . . .     SeeInvis .   J - +4 scimitar (flame)
rCold    . . .     Gourm    .   (no shield)
rNeg     . . .     Faith    .   z - +2 robe {Archmagi}
rPois    .         Spirit   .   q - +2 helmet
rElec    .         Reflect  .   b - +2 cloak
rCorr    .         Harm     .   i - +0 pair of gloves
MR       +....                  v - +0 pair of boots
Stlth    ++........             H - amulet of regeneration
HPRegen  0.66/turn              C - ring of magical power
MPRegen  0.32/turn              S - ring of wizardry

@: no status effects
A: no striking features
a: Channel Magic, Forget Spell, Divine Exegesis, Renounce Religion


You were on level 2 of the Snake Pit.
You worshipped Sif Muna.
Sif Muna was extremely pleased with you.
You were not hungry.

You visited 4 branches of the dungeon, and saw 26 of its levels.

You collected 3260 gold pieces.
You spent 231 gold pieces at shops.

Inventory:

Hand Weapons
 J - a +4 scimitar of flaming (weapon)
Missiles
 k - 481 stones (quivered)
Armour
 b - a +2 cloak (worn)
 i - a +0 pair of gloves (worn)
 q - a +2 helmet (worn)
 v - a +0 pair of boots (worn)
 z - a +2 robe of the Archmagi (worn)
Jewellery
 r - an uncursed ring of resist corrosion
 s - an uncursed ring of positive energy
 C - a ring of magical power (left hand)
 H - an amulet of regeneration (around neck)
 P - an uncursed ring of protection from fire
 S - a ring of wizardry (right hand)
 U - an uncursed ring of flight
Wands
 c - a wand of iceblast (4)
 t - a wand of digging (21)
 w - a wand of flame (17)
 I - a wand of clouds (4)
 M - a wand of polymorph (29)
 N - a wand of acid (17)
 T - a wand of paralysis (21)
Scrolls
 e - 13 scrolls of remove curse
 h - 6 scrolls of enchant armour
 j - 8 scrolls of amnesia
 n - 5 scrolls of enchant weapon
 o - 8 scrolls of teleportation
 p - 5 scrolls of fear
 y - 4 scrolls of blinking
 A - 3 scrolls of fog
 D - 4 scrolls of magic mapping
 V - a scroll of summoning
Potions
 a - 10 potions of mutation
 f - a potion of brilliance {unknown}
 g - 5 potions of ambrosia
 l - 4 potions of curing
 m - 8 potions of might
 u - a potion of berserk rage {unknown}
 x - 4 potions of heal wounds
 B - 6 potions of flight
 E - a potion of experience {unknown}
 F - 2 potions of cancellation
 O - 4 potions of stabbing
 Q - a potion of invisibility {unknown}
 R - 3 potions of lignification
 W - 4 potions of magic
 Y - 2 potions of haste
Comestibles
 d - 60 rations


   Skills:
 - Level 10.0 Fighting
 - Level 3.0 Dodging
 - Level 3.0 Stealth
 + Level 20.1 Spellcasting
 + Level 10.5 Conjurations
 - Level 4.0 Hexes
 - Level 5.0 Charms
 - Level 10.0 Summonings
 - Level 2.0 Transmutations
 - Level 1.0 Air Magic
 + Level 14.9 Earth Magic
 - Level 10.0 Invocations


You had 11 spell levels left.
You knew the following spells:

 Your Spells              Type           Power        Failure   Level  Hunger
a - Sandblast             Erth           ######       0%          1    None
b - Passwall              Tmut/Erth      #######.     1%          2    None
c - Stone Arrow           Conj/Erth      ######       0%          3    None
d - Petrify               Tmut/Erth      #######.     1%          4    None
e - Lee's Rapid Deconstr  Erth           ########..   1%          5    None
f - Cause Fear            Hex            ######....   1%          4    None
g - Swiftness             Chrm/Air       ######..     1%          2    None
h - Slow                  Hex            ######..     1%          2    None
i - Spellforged Servitor  Conj/Summ      #######...   8%          7    ####...
j - Iron Shot             Conj/Erth      #######...   1%          6    None
k - Lehudib's Crystal Sp  Conj/Erth      #######...   21%         8    #####..

Your spell library contained the following spells:

 Spells                   Type           Power        Failure   Level  Hunger
 Summon Butterflies       Summ           #######.     0%          1    None
 Summon Small Mammal      Summ           ####         0%          1    None
 Animate Skeleton         Necr           N/A          1%          1    None
 Apportation              Tloc           #####.       1%          1    None
 Beastly Appendage        Tmut           ######       1%          1    None
 Corona                   Hex            ######.      1%          1    None
 Foxfire                  Conj/Fire      ####         1%          1    None
 Sting                    Tmut/Pois      ####         1%          1    None
 Call Imp                 Summ           #######.     1%          2    None
 Ensorcelled Hibernation  Hex/Ice        ######       1%          2    None
 Searing Ray              Conj           ######       1%          2    None
 Song of Slaying          Chrm           ######..     1%          2    None
 Sticks to Snakes         Tmut           ######..     1%          2    None
 Call Canine Familiar     Summ           #######.     1%          3    None
 Confusing Touch          Hex            ######..     1%          3    None
 Conjure Flame            Conj/Fire      ######..     1%          3    None
 Dazzling Flash           Conj/Hex       ######       1%          3    None
 Gell's Gravitas          Tloc           #####.....   1%          3    None
 Inner Flame              Hex/Fire       ######..     1%          3    None
 Lesser Beckoning         Tloc           #####.....   1%          3    None
 Ozocubu's Armour         Chrm/Ice       ######..     1%          3    None
 Portal Projectile        Hex/Tloc       ######       1%          3    None
 Spider Form              Tmut/Pois      ######....   1%          3    None
 Static Discharge         Conj/Air       ######..     1%          3    None
 Summon Guardian Golem    Hex/Summ       #######.     1%          3    None
 Tukima's Dance           Hex            ######..     1%          3    None
 Hailstorm                Conj/Ice       ######..     1%          4    None
 Iskenderun's Mystic Bla  Conj/Tloc      ######..     1%          4    None
 Leda's Liquefaction      Hex/Erth       #######...   1%          4    None
 Sticky Flame             Conj/Fire      ######..     1%          4    None
 Summon Lightning Spire   Summ/Air       ######..     1%          4    None
 Aura of Abjuration       Summ           #######...   1%          5    None
 Borgnjor's Vile Clutch   Necr/Erth      #######...   1%          5    None
 Fireball                 Conj/Fire      ######....   1%          5    None
 Irradiate                Conj/Tmut      #######...   1%          5    None
 Iskenderun's Battlesphe  Conj/Chrm      #######.     1%          5    None
 Summon Demon             Summ           #######...   1%          5    None
 Summon Forest            Summ/Tloc      ######....   1%          5    None
 Statue Form              Tmut/Erth      #######..    2%          6    None
 Ice Form                 Ice/Tmut       ######..     4%          4    None
 Olgreb's Toxic Radiance  Pois           #####...     6%          4    None
 Silence                  Hex/Air        ######....   6%          5    None
 Blade Hands              Tmut           ######....   7%          5    None
 Conjure Ball Lightning   Conj/Air       ######....   9%          6    None
 Monstrous Menagerie      Summ           #######...   9%          7    ####...
 Summon Greater Demon     Summ           #######...   9%          7    ####...
 Alistair's Intoxication  Tmut/Pois      ######..     11%         5    None
 Darkness                 Hex            ######....   16%         6    None
 Invisibility             Hex            ######..     16%         6    None
 Hydra Form               Tmut           ######....   34%         6    None
 Summon Horrible Things   Summ           #######...   50%         8    #####..
 Dispersal                Tloc           #####.....   61%         6    None
 Simulacrum               Ice/Necr       #####.....   61%         6    None
 Shatter                  Erth           ########..   75%         9    #######
 Dragon Form              Tmut           ######....   88%         7    ####...
 Controlled Blink         Tloc           N/A          100%        8    #####..
 Disjunction              Tloc           #####.....   100%        8    #####..
 Fire Storm               Conj/Fire      ######....   100%        9    #######
 Tornado                  Air            ######....   100%        9    #######


Dungeon Overview and Level Annotations

Branches:
Dungeon (15/15)            Temple (0/1) D:7            Lair (6/6) D:10
 Shoals (0/4) Lair:3        Snake (3/4) Lair:2        Slime (0/5) Lair:5
    Orc (2/2) D:12            Elf (0/3) Orc:2        Vaults (0/5) D:13
 Depths (0/5) D:15

Altars:
Dithmenos
Elyvilon
Fedhas
Hepliaklqana
Kikubaaqudgha
Makhleb
Nemelex Xobeh
Okawaru
Qazlal
Sif Muna
Uskayaw
Vehumet
Wu Jian
Zin
The Shining One
Jiyva

Shops:
D:3 *   D:8 (   D:9 (   D:13 %   D:15 *([(   Orc:2 *}}*

Annotations:
D:7 1 exclusion
D:11 1 exclusion
D:14 1 runed translucent door, 2 exclusions, protoss039's ghost, journeyman DEEE
Lair:2 exclusion: 2 oklob plants
Lair:5 1 runed translucent door, 3 exclusions
Snake:1 1 exclusion
Snake:3 Azrael
Orc:1 3 runed translucent doors, astronautguy's ghost, journeyman GrMo


Message History

Aiming: Lee's Rapid Deconstruction (safe; 1% risk of failure)
Press: ? - help, Dir - move target cursor, f - you You cannot affect that.
Okay, then.
You are starving!
Unknown command.
The naga sharpshooter mumbles some strange words.
The naga sharpshooter magically shoots an arrow.
The arrow hits you!!
You hear an angry hiss.
You see here 2 arrows.
Unknown command.
Unknown command.
You eat one of the 61 rations.
That ration really hit the spot!
The naga sharpshooter shoots an arrow.
The arrow hits you!!
* * * LOW HITPOINT WARNING * * *
The naga sharpshooter unwields a +0 glaive.
The naga sharpshooter wields a +0 shortbow.
The naga sharpshooter shoots an arrow.
The arrow hits you!!
You die...

.#........[....#.......#
###.....##............##.......
#...................รท..........
...................##..##..#.#
##.#................######....
#.............................
####......##............#...#...#
..........#.................. ..
....>).......#..@........##. .
...........#.............###....
.........................#......
.##......[..#.#................
#.....#####.......)........#
#.#....# ......##.(....#....# .
#..#.... #.....#...(..N#...##...
##..#.........#..#...N..........
##...........#....(#.(N.N).N...


You could see 2 naga sharpshooters.

Vanquished Creatures
  Kirke (D:15)
  An ettin (D:13)
  Snorg (D:11)
  2 fire dragons
  A naga warrior (Snake:2)
  A death knight (D:12)
  13 hydras
  Erica (D:8)
  2 ice dragons
  4 anacondas
  2 centaur warriors (D:15)
  A naga sharpshooter (Snake:2)
  3 death yaks (Lair:6)
  8 two-headed ogres
  A shock serpent (Snake:2)
  4 orc high priests (Orc:2)
  Sonja (D:10)
  2 unseen horrors
  An unseen horror (shapeshifter) (D:14)
  A wizard (D:13)
  A swamp dragon (Lair:6)
  Pikel (D:9)
  A naga ritualist (Snake:1)
  3 mana vipers
  4 orc sorcerers
  A wolf spider zombie (D:15)
  6 orc knights
  A wolf spider (Lair:6)
  4 cyclopes
  8 ugly things
  A salamander (Snake:1)
  5 elephants (Lair:5)
  3 guardian serpents
  7 naga magi
  3 centaur zombies
  25 black mambas
  Maurice (D:9)
  2 gargoyles (D:14)
  21 spiny frogs
  3 centaur skeletons
  5 komodo dragons
  11 rime drakes
  10 trolls
  A queen bee (Lair:3)
  2 nameless horrors
  A polar bear (Lair:2)
  3 hornets
  A slime creature (Lair:4)
  8 hippogriffs
  14 blink frogs
  2 dream sheep (D:8)
  3 water elementals (D:14)
  Sigmund (D:6)
  A shadow (D:15)
  2 vampires
  2 redbacks (Lair:6)
  A basilisk (shapeshifter) (D:15)
  13 wyverns
  32 yaks
  3 hogs (D:15)
  2 wraiths
  4 basilisks
  Grum (D:8)
  4 vampire mosquitoes (D:13)
  A steam dragon (Lair:6)
  3 wargs
  A soldier ant (D:12)
  3 acid dragons
  28 water moccasins
  6 nagas
  8 porcupines
  3 sky beasts
  25 orc warriors
  2 ice beasts (D:6)
  2 slaves (D:9)
  2 phantoms
  4 swamp drakes
  A black bear (D:7)
  A black bear (shapeshifter) (D:13)
  An eye of draining (shapeshifter) (D:13)
  An eye of draining (D:13)
  10 wolves
  13 centaurs
  7 ogres
  23 crocodiles
  5 big kobolds
  14 bullfrogs
  A wyvern skeleton (D:9)
  2 scorpions
  57 killer bees
  2 electric eels (D:14)
  3 wights (D:11)
  12 howler monkeys
  6 crimson imps
  2 quasits
  A bullfrog zombie (D:12)
  13 jellies
  Crazy Yiuf (D:6)
  25 orc priests
  6 hounds
  30 orc wizards
  6 bullfrog skeletons
  3 iguanas
  Ijyb (D:3)
  14 worker ants
  A killer bee zombie (D:9)
  A hound zombie (D:5)
  A worker ant zombie (D:10)
  15 adders
  A river rat (Lair:2)
  A shadow imp (D:7)
  14 oozes
  3 adder skeletons
  3 worms
  3 dart slugs
  4 leopard geckos
  79 orcs
  13 bats
  4 giant cockroaches
  7 goblins
  9 hobgoblins
  21 jackals
  18 kobolds
  5 quokkas
  6 frilled lizards
  10 rats
  3 fungi
  A plant (Lair:4)
851 creatures vanquished.

Vanquished Creatures (collateral kills)
  A nagaraja (Snake:2)
  An orc warlord (Orc:1)
  Aizul (Snake:1)
  2 orc high priests
  A naga sharpshooter (Snake:1)
  An orc sorcerer (Orc:1)
  2 mana vipers
  5 black mambas
  A naga mage (Snake:2)
  A troll (Orc:2)
  3 nagas
  9 orc warriors
  3 orc wizards (Orc:2)
  6 orc priests (Orc:2)
  5 orcs
42 creatures vanquished.

Vanquished Creatures (others)
  A komodo dragon (Lair:6)
  A sky beast (D:9)
  A black bear (D:9)
  A phantom (D:9)
  An iguana (D:9)
  27 fungi
  23 plants
  2 withered plants (D:14)
57 creatures vanquished.

Grand Total: 950 creatures vanquished

Notes
Turn   | Place    | Note
-------+----------+-------------------------------------------
     0 | D:1      | protoss039 the Deep Elf Earth Elementalist began the quest
                  | for the Orb.
     0 | D:1      | Reached XP level 1. HP: 10/10 MP: 6/6
   129 | D:1      | Reached XP level 2. HP: 10/15 MP: 1/8
   692 | D:1      | Reached XP level 3. HP: 19/19 MP: 8/10
   762 | D:1      | Learned a level 2 spell: Passwall
   766 | D:1      | Learned a level 3 spell: Stone Arrow
  1781 | D:2      | Reached skill level 4 in Spellcasting
  1937 | D:2      | Reached XP level 4. HP: 20/24 MP: 8/12
  2004 | D:2      | Found a hazy altar of Hepliaklqana.
  2187 | D:2      | Found an ancient bone altar of Kikubaaqudgha.
  2239 | D:2      | Found an ornate altar of the Wu Jian Council.
  2243 | D:2      | Found a shadowy altar of Dithmenos.
  2277 | D:2      | Found a shimmering blue altar of Sif Muna.
  2278 | D:2      | Found a blossoming altar of Fedhas.
  2430 | D:2      | Became a worshipper of Sif Muna the Loreminder
  2888 | D:3      | Found a sparkling altar of Nemelex Xobeh.
  3076 | D:3      | Reached skill level 5 in Spellcasting
  3141 | D:3      | Noticed Ijyb
  3156 | D:3      | Killed Ijyb
  3156 | D:3      | Reached * piety under Sif Muna
  3156 | D:3      | Reached XP level 5. HP: 28/28 MP: 11/14
  3200 | D:3      | Found Zin's Purification Station.
  3202 | D:3      | Found a glowing silver altar of Zin.
  3342 | D:4      | Reached skill level 5 in Earth Magic
  3615 | D:4      | Reached skill level 6 in Spellcasting
  3713 | D:4      | Noticed an ogre
  3720 | D:4      | Learned a level 4 spell: Petrify
  3726 | D:4      | Learned a level 5 spell: Lee's Rapid Deconstruction
  3729 | D:4      | Killed an ogre
  3729 | D:4      | Reached XP level 6. HP: 32/32 MP: 10/17
  4014 | D:4      | Reached skill level 7 in Spellcasting
  4260 | D:5      | Entered Level 5 of the Dungeon
  4275 | D:5      | Reached XP level 7. HP: 19/36 MP: 15/19
  4633 | D:5      | Reached skill level 1 in Conjurations
  4870 | D:5      | Reached skill level 8 in Spellcasting
  5411 | D:6      | Noticed Sigmund
  5421 | D:6      | Killed Sigmund
  5421 | D:6      | Reached ** piety under Sif Muna
  5421 | D:6      | Reached skill level 1 in Invocations
  5820 | D:6      | Reached XP level 8. HP: 42/42 MP: 10/22
  5888 | D:6      | Reached skill level 9 in Spellcasting
  5888 | D:6      | Reached skill level 1 in Fighting
  6161 | D:6      | Found a runed translucent door.
  6162 | D:6      | Noticed Crazy Yiuf
  6281 | D:6      | Killed Crazy Yiuf
  6360 | D:6      | Learned a level 3 spell: Confusing Touch
  6364 | D:6      | Learned a level 3 spell: Tukima's Dance
  6376 | D:7      | Reached skill level 1 in Hexes
  6806 | D:7      | Reached skill level 10 in Spellcasting
  6814 | D:7      | Reached XP level 9. HP: 35/48 MP: 4/25
  6821 | D:7      | Reached skill level 11 in Spellcasting
  6844 | D:7      | Found a staircase to the Ecumenical Temple.
  7429 | D:8      | Noticed Erica
  7471 | D:8      | Noticed Grum
  7476 | D:8      | Reached *** piety under Sif Muna
  7482 | D:8      | Killed Grum
  7652 | D:8      | Reached skill level 10 in Earth Magic
  7653 | D:8      | Reached XP level 10. HP: 19/55 MP: 6/27
  7881 | D:8      | Found Kanamiuc's Antique Weapon Emporium.
  7957 | D:8      | Noticed a two-headed ogre
  8001 | D:8      | Found a burning altar of Makhleb.
  8046 | D:8      | Killed a two-headed ogre
  8046 | D:8      | Reached skill level 12 in Spellcasting
  8107 | D:8      | Noticed a two-headed ogre
  8111 | D:8      | Killed a two-headed ogre
  8223 | D:8      | Noticed a two-headed hydra
  8278 | D:8      | Killed a two-headed hydra
  8561 | D:8      | Noticed a two-headed ogre
  8565 | D:8      | Killed a two-headed ogre
  8565 | D:8      | Reached skill level 13 in Spellcasting
  8565 | D:8      | Reached skill level 5 in Invocations
  8941 | D:8      | Found a white marble altar of Elyvilon.
  9160 | D:8      | Found a blossoming altar of Fedhas.
  9312 | D:8      | Killed Erica
  9312 | D:8      | Reached XP level 11. HP: 44/61 MP: 2/30
  9578 | D:9      | Noticed Maurice
  9588 | D:9      | Killed Maurice
  9656 | D:9      | Noticed Pikel
  9752 | D:9      | Killed Pikel
  9832 | D:9      | Found Zixtegg's Antique Weapon Boutique.
  9894 | D:9      | Found a stormy altar of Qazlal.
 10140 | D:9      | Found a glowing golden altar of the Shining One.
 10143 | D:9      | Reached **** piety under Sif Muna
 10376 | D:9      | Found a stormy altar of Qazlal.
 10583 | D:10     | Entered Level 10 of the Dungeon
 10742 | D:10     | Noticed Sonja
 10745 | D:10     | Killed Sonja
 10938 | D:10     | Killed an unseen horror
 10938 | D:10     | Reached skill level 14 in Spellcasting
 10991 | D:10     | Found a staircase to the Lair.
 11102 | D:10     | Noticed a purple ugly thing
 11116 | D:10     | Killed a purple ugly thing
 11116 | D:10     | Reached skill level 5 in Fighting
 11298 | D:10     | Noticed a two-headed ogre
 11306 | D:10     | Killed a two-headed ogre
 11464 | D:10     | Noticed a two-headed ogre
 11469 | D:10     | Killed a two-headed ogre
 11469 | D:10     | Reached skill level 5 in Conjurations
 11624 | D:11     | Noticed a two-headed ogre
 11755 | D:11     | Reached skill level 15 in Spellcasting
 11891 | D:11     | Identified the Incunabulum of Attacks
 11944 | D:11     | Noticed a white ugly thing
 11956 | D:11     | Killed a white ugly thing
 12084 | D:11     | Learned a level 3 spell: Static Discharge
 12092 | D:11     | Learned a level 7 spell: Spellforged Servitor
 12145 | D:11     | Killed a two-headed ogre
 12145 | D:11     | Reached XP level 12. HP: 69/69 MP: 19/33
 12297 | D:11     | Reached ***** piety under Sif Muna
 12308 | D:11     | Noticed Snorg
 12657 | D:11     | Killed Snorg
 12657 | D:11     | Reached skill level 16 in Spellcasting
 12944 | D:12     | Noticed a two-headed ogre
 13019 | D:12     | Noticed a death knight
 13031 | D:12     | Killed a two-headed ogre
 13031 | D:12     | Reached skill level 1 in Summonings
 13197 | D:12     | Identified Sif Muna's Disquisition on Companions and
                  | Displacement (Sif Muna gifted it to you on level 12 of the
                  | Dungeon)
 13197 | D:12     | Received a gift from Sif Muna
 13446 | D:12     | Noticed a five-headed hydra
 13463 | D:12     | Killed a five-headed hydra
 14144 | D:12     | Killed a death knight
 14390 | D:12     | Found a staircase to the Orcish Mines.
 14709 | D:13     | Found a burning altar of Makhleb.
 15140 | D:13     | Found Peomua's Food Shop.
 15229 | D:13     | Noticed an ice dragon
 15233 | D:13     | Killed an ice dragon
 15323 | D:13     | Noticed an ettin
 15343 | D:13     | Killed an ettin
 15596 | D:13     | Found a gate to the Vaults.
 15863 | D:14     | You fall into a shaft and drop 1 floor!
 15863 | D:15     | Entered Level 15 of the Dungeon
 15947 | D:14     | Reached XP level 13. HP: 47/76 MP: 0/35
 16156 | D:14     | Reached skill level 5 in Summonings
 16874 | D:14     | Received a gift from Sif Muna
 16898 | D:14     | Learned a level 4 spell: Cause Fear
 16902 | D:14     | Learned a level 2 spell: Slow
 17056 | D:14     | Noticed protoss039's ghost (journeyman DEEE)
 17058 | D:14     | Found a runed translucent door.
 18089 | D:15     | Found Futi's Antique Weapon Emporium.
 18116 | D:15     | Found Haotem's Armour Shop.
 18561 | D:15     | Found Zaosap's Assorted Antiques.
 18627 | D:15     | Noticed a fire dragon
 19028 | D:15     | Found a staircase to the Depths.
 19083 | D:15     | Killed a fire dragon
 19359 | D:15     | Found Roodam's Weapon Shoppe.
 19640 | D:15     | Noticed Kirke
 19647 | D:15     | Killed Kirke
 19647 | D:15     | Reached skill level 10 in Invocations
 19994 | Lair:1   | Entered Level 1 of the Lair of Beasts
 21178 | Lair:2   | Identified Sif Muna's Handbook of Ashen Aid (Sif Muna
                  | gifted it to you on level 2 of the Lair of Beasts)
 21178 | Lair:2   | Received a gift from Sif Muna
 21184 | Lair:2   | Learned a level 2 spell: Swiftness
 21191 | Lair:2   | Learned a level 6 spell: Iron Shot
 21275 | Lair:2   | Reached XP level 14. HP: 87/87 MP: 25/36
 21580 | Lair:2   | Reached skill level 10 in Fighting
 21630 | Lair:2   | Reached skill level 1 in Charms
 22427 | Lair:2   | Found a staircase to the Snake Pit.
 23169 | Lair:3   | Found a staircase to the Shoals.
 23225 | Lair:3   | You fall into a shaft and drop 2 floors!
 23296 | Lair:5   | Found a runed translucent door.
 23533 | Lair:3   | Identified Sif Muna's Incunabulum of Battle Magic and
                  | Companions (Sif Muna gifted it to you on level 3 of the
                  | Lair of Beasts)
 23533 | Lair:3   | Received a gift from Sif Muna
 24542 | Lair:3   | Reached skill level 17 in Spellcasting
 25079 | Lair:4   | Reached skill level 5 in Charms
 25079 | Lair:4   | Reached skill level 1 in Air Magic
 27200 | Lair:5   | Found a viscous altar of Jiyva.
 27204 | Lair:5   | Found a staircase to the Slime Pits.
 27476 | Lair:6   | Entered Level 6 of the Lair of Beasts
 28070 | Lair:6   | Received a gift from Sif Muna
 28237 | Lair:6   | Reached XP level 15. HP: 92/92 MP: 28/38
 28427 | Lair:6   | Reached skill level 18 in Spellcasting
 29627 | Lair:6   | Reached skill level 10 in Summonings
 29818 | Lair:6   | Found a hide-covered altar of Uskayaw.
 30898 | Orc:1    | Entered Level 1 of the Orcish Mines
 31097 | D:15     | Bought a scroll of identify for 70 gold pieces
 31258 | Orc:1    | Found a runed translucent gate.
 31259 | Orc:1    | Found a runed translucent gate.
 31260 | Orc:1    | Found a runed translucent gate.
 31262 | Orc:1    | Noticed astronautguy's ghost (journeyman GrMo)
 31264 | Orc:1    | Found an iron altar of Okawaru.
 31298 | Orc:1    | Noticed an orc warlord
 31455 | D:12     | Learned a level 8 spell: Lehudib's Crystal Spear
 31473 | Orc:1    | Identified Sif Muna's Incunabulum of Hexes and Snow (Sif
                  | Muna gifted it to you on level 1 of the Orcish Mines)
 31473 | Orc:1    | Received a gift from Sif Muna
 31494 | Orc:1    | Paralysed by an orc sorcerer for 5 turns
 31516 | Orc:1    | Killed an orc warlord
 32651 | Orc:2    | Entered Level 2 of the Orcish Mines
 32974 | Orc:2    | Reached skill level 19 in Spellcasting
 33477 | Orc:2    | Found Cuej's Gadget Emporium.
 33477 | Orc:2    | Found Dumecv Meng's General Store.
 33478 | Orc:2    | Found Ecsiryf's Gadget Shoppe.
 33481 | Orc:2    | Found Tumuakh's General Store.
 33485 | Orc:2    | Bought a scroll of identify for 34 gold pieces
 33485 | Orc:2    | Bought a scroll of identify for 34 gold pieces
 33487 | Orc:2    | Bought a scroll of magic mapping for 59 gold pieces
 33487 | Orc:2    | Bought a scroll of identify for 34 gold pieces
 33859 | Orc:2    | Identified Sif Muna's Almanac of Noxious Calling (Sif Muna
                  | gifted it to you on level 2 of the Orcish Mines)
 33859 | Orc:2    | Received a gift from Sif Muna
 34183 | Orc:2    | Found a staircase to the Elven Halls.
 34311 | Orc:2    | Found a radiant altar of Vehumet.
 34959 | Snake:1  | Entered Level 1 of the Snake Pit
 35238 | Snake:1  | Noticed Aizul
 35242 | Snake:1  | Killed Aizul
 35242 | Snake:1  | Reached skill level 10 in Conjurations
 36234 | Snake:2  | Noticed a nagaraja
 36236 | Snake:1  | Reached XP level 16. HP: 48/97 MP: 25/41
 36745 | Snake:2  | Reached skill level 20 in Spellcasting
 36899 | Snake:2  | You fall into a shaft and drop 1 floor!
 36928 | Snake:3  | Noticed Azrael
 37075 | Snake:2  | Shot with an arrow by a naga sharpshooter

Illustrated notes

Levels and vault maps discovered:
D:1:      heliophobic_arrival_enchanted_forest, layout_rooms
D:2:      layout_rooms, nicolae_overflow_crystal_walls,
          nicolae_overflow_hidden_temple, lemuel_round_altar
D:3:      layout_loops_cross, nemelex_xobeh_ov_fountains_minmay, zin_purify,
          uniq_ijyb
D:4:      layout_loops_ring, minmay_a_box_with_orc_wizards_in_it
D:5:      layout_basic, first_ration
D:6:      layout_rooms, uniq_crazy_yiuf_cottage, uniq_sigmund
D:7:      layout_basic, minmay_temple_entry_sparse_star
D:8:      layout_loops_ring, lemuel_crystal_altar, lemuel_doored_altar,
          serial_shops, shop, hangedman_ranch [blue_anna_fruit_fields],
          fedhas_bush_and_centaur_altar, uniq_grum, uniq_erica
D:9:      layout_roguey, nicolae_qazlal_eye_of_the_storm, tso_altar,
          basic_altar, serial_shops, shop, kennysheep_minor_cross, uniq_maurice,
          uniq_pikel
D:10:     layout_roguey, lair_entry_dummy, uniq_sonja
D:11:     layout_basic, st_stairs_1, uniq_snorg
D:12:     layout_rooms, erik_orc_1
D:13:     layout_stronghold, david_vaults_4, basic_altar, serial_shops,
          nicolae_shop_stone, st_stairs_8
D:14:     layout_basic, nrook_pool_corridor, gammafunk_ghost_grave,
          nrook_guardian_serpent_ordinary
D:15:     grunt_enter_depths_hoard, layout_cave_pools, serial_shops,
          nicolae_shop_behind_doors, shop, nicolae_shop_stone,
          nicolae_shop_window_shopping, hangedman_abyss_or_decor_slice,
          uniq_kirke
Lair:1:   layout_chaotic_city, serial_bayou_pond_a,
          eino_small_chamber_without_monster
Lair:2:   regret_index_harrowing_hell_hive, layout_regular_city,
          dummy_snake_entry
Lair:3:   layout_roguey, minmay_shoals_entry_centaurs, special_room
          [special_room_bee], portal_ice_cave_rime
Lair:4:   lemuel_slime, layout_small_grid, grunt_megastairs_1
Lair:5:   layout_regular_city, slime_altar_2, minmay_lair_drake_nest
Lair:6:   guppyfry_lair_end_dragon, layout_layer_cave,
          hangedman_lair_tendril_chambers, basic_altar
Snake:1:  layout_grid_maze, uniq_aizul
Snake:2:  layout_onion_interference, nicolae_snake_horde_hoard, uniq_vashnia
Snake:3:  layout_rooms, uniq_azrael
Orc:1:    minmay_goldmine, layout_diamond_mine, gammafunk_ghost_fury_of_okawaru
Orc:2:    st_orc_mages, layout_caves, basic_altar

Skill      XL: |  1  2  3  4  5  6  7  8  9 10 11 12 13 14 15 16 |
---------------+-------------------------------------------------+-----
Earth Magic    | 4 5 6 7 8 10 11 12 14 | 14.9
Stealth        | 3 |  3.0
Dodging        | 3 |  3.0
Spellcasting   | 4 5 6 7 8 10 11 13 15 16 17 19 20 | 20.1
Conjurations   | 1 2 3 5 7 8 9 10 | 10.5
Invocations    | 1 2 3 5 6 7 10 | 10.0
Fighting       | 2 4 5 7 9 10 | 10.0
Hexes          | 3 4 |  4.0
Summonings     | 4 8 9 10 | 10.0
Transmutations | 2 |  2.0
Charms         | 5 |  5.0
Air Magic      | 1 |  1.0

Action                   |  1- 3 |  4- 6 |  7- 9 | 10-12 | 13-15 | 16-18 || total
-------------------------+-------+-------+-------+-------+-------+-------++-------
Melee: Short sword       |    29 |       |       |       |       |       ||    29
       Dagger            |    61 |   123 |    63 |     6 |     2 |       ||   255
       Scimitar          |       |       |       |     5 |    19 |       ||    24
 Cast: Sandblast         |    32 |    31 |    40 |    46 |   114 |     2 ||   265
       Stone Arrow       |       |     1 |    48 |   161 |   230 |       ||   440
       Lee's Rapid Decon |       |       |    13 |   126 |   275 |    10 ||   424
       Petrify           |       |       |       |    30 |    48 |       ||    78
       Slow              |       |       |       |       |     8 |       ||     8
       Iron Shot         |       |       |       |       |   176 |    21 ||   197
       Cause Fear        |       |       |       |       |    10 |       ||    10
       Swiftness         |       |       |       |       |     4 |     5 ||     9
       Spellforged Servi |       |       |       |       |    11 |     3 ||    14
Invok: Channel Magic     |       |       |     1 |     3 |     1 |       ||     5
  Use: Scroll            |       |     7 |     5 |     4 |    21 |     1 ||    38
       Potion            |       |       |       |     1 |     5 |       ||     6
 Stab: Distracted        |     1 |     1 |       |       |       |       ||     2
       Sleeping          |     2 |    11 |     3 |       |       |       ||    16
  Eat: Chunk             |     3 |     7 |    10 |    28 |    50 |     1 ||    99
       Ration            |       |       |     1 |       |     8 |     1 ||    10
Armor: Robe              |    21 |    38 |    23 |    27 |    69 |    10 ||   188
Dodge: Dodged            |    81 |    91 |    68 |    60 |   176 |    20 ||   496
       Rpst.: Scimitar   |       |       |       |     3 |    45 |     2 ||    50
